 Dungeon Crawl Stone Soup version 0.28.0 (webtiles) character file.

Game seed: 14432126589419328412

575 Peloso the Slasher (level 7, -7/60 HPs)
             Began as a Minotaur Fighter on Feb 10, 2022.
             Killed by nerve-wracking pain
             ... invoked by an orc priest
              (14 damage)
             ... on level 4 of the Dungeon.
             The game lasted 00:06:58 (3360 turns).

Peloso the Slasher (Minotaur Fighter)               Turns: 3360, Time: 00:06:59

Health: -7/60      AC: 11    Str: 21    XL:     7   Next: 12%
Magic:  6/6        EV:  8    Int:  5    God:
Gold:   122        SH:  4    Dex: 11    Spells: 6/6 levels left

rFire   . . .      SeeInvis .   a - +3 falchion
rCold   . . .      Faith    .   c - +0 buckler
rNeg    . . .      Spirit   .   l - +0 chain mail
rPois   .          Reflect  .   (helmet restricted)
rElec   .          Harm     .   m - +0 cloak
rCorr   .          Rampage  .   (no gloves)
Will    .....                   (no boots)
Stlth   ..........              (no amulet)
HPRegen 0.20/turn               (no ring)
MPRegen 0.10/turn               (no ring)

@: no status effects
A: horns 2, retaliatory headbutt
a: no special abilities


You were on level 4 of the Dungeon.
You visited 1 branch of the dungeon, and saw 4 of its levels.

You collected 122 gold pieces.

Inventory:

Hand Weapons
 a - a +3 falchion (weapon)
Armour
 b - a +0 scale mail
 c - a +0 buckler (worn)
 l - a +0 chain mail (worn)
 m - a +0 cloak (worn)
Scrolls
 e - a scroll of acquirement {unknown}
 g - a scroll of identify
 h - a scroll of blinking {unknown}
 n - a scroll of enchant armour {unknown}
 o - a scroll of vulnerability {unknown}
Potions
 d - a potion of might
 f - 3 potions of flight
 i - a potion of cancellation {unknown}
 j - 2 potions of mutation {unknown}
 p - a potion of magic {unknown}


   Skills:
 + Level 4.6 Fighting
 + Level 6.1 Long Blades
 + Level 6.1 Armour
 + Level 2.5 Dodging
 + Level 1.2 Stealth
 + Level 4.1 Shields


You had 6 spell levels left.
You didn't know any spells.
Your spell library contained the following spells:

 Spells                   Type           Power      Damage    Failure   Level
 Magic Dart               Conj           0%         1d3       99%         1
 Searing Ray              Conj           0%         2d4       100%        2
 Fulminant Prism          Conj/Hex       0%         3d6       100%        4


Dungeon Overview and Level Annotations

Branches:
Dungeon (4/15)
 Temple: D:4-7

Altars:
Nemelex Xobeh


Innate Abilities, Weirdness & Mutations

You have a pair of horns on your head.
You reflexively headbutt those who attack you in melee.


Message History

Your Long Blades skill increases to level 6!
You have reached level 7!
You closely miss the orc priest. Your headbutt misses the orc priest.
The orc priest barely misses you.
You hit the orc priest. Your headbutt misses the orc priest.
The orc priest is lightly wounded.
The orc priest hits you with a +0 dagger.
* * * LOW HITPOINT WARNING * * *
You hit the orc priest.
The orc priest is heavily wounded.
The orc priest hits you with a +0 dagger.
* * * LOW HITPOINT WARNING * * *
You hit the orc priest. You headbutt the orc priest.
You kill the orc priest!
You hit the adder skeleton.
The adder skeleton is moderately damaged.
The adder skeleton bites you but does no damage.
You barely miss the adder skeleton.
The adder skeleton is moderately damaged.
The adder skeleton bites you but does no damage.
You slash the orc!
You kill the orc!
You slash the adder skeleton!
The adder skeleton is almost destroyed.
You block the adder skeleton's attack.
You slash the adder skeleton!
You destroy the adder skeleton!
You closely miss the orc priest.
The orc priest looks encouraged for a moment.
You barely miss the orc priest.
You headbutt the orc priest, but do no damage.
The orc priest hits you but does no damage.
You hit the orc priest.
The orc priest is moderately wounded.
You block the orc priest's attack.
You barely miss the orc priest. You headbutt the orc priest!
The orc priest is severely wounded.
The orc priest mumbles some strange prayers to Beogh against you.
Pain shoots through your body!
You die...

. o. .## #.
##o... #. #.oo#
#.. ###)o# ##
#... ###.o###
...##
##...#####...)@.#
#...
#..............##
# #.............#
## ####.......##
###. ##..#....##
#.#. ##..##...##
#... #...##..##
##... ##..######
#.... ##..##
##..##


You could see an orc priest.

Vanquished Creatures
  Grinder (D:4)
  A phantom (D:4)
  2 orc priests (D:4)
  A hound (D:4)
  2 iguanas (D:4)
  Jessica (D:2)
  6 adders
  An adder skeleton (D:4)
  3 worms
  11 orcs
  6 ball pythons
  2 endoplasms
  10 goblins
  4 hobgoblins
  7 kobolds
  A quokka (D:1)
  6 bats
  3 frilled lizards
  4 rats
72 creatures vanquished.

Notes
Turn   | Place    | Note
-------+----------+-------------------------------------------
     0 | D:1      | Peloso the Minotaur Fighter began the quest for the Orb.
     0 | D:1      | Reached XP level 1. HP: 19/19 MP: 0/0
   268 | D:1      | Reached XP level 2. HP: 24/27 MP: 1/1
   788 | D:1      | Found a faded altar of an unknown god.
  1039 | D:2      | Reached skill level 1 in Dodging
  1039 | D:2      | Reached XP level 3. HP: 33/33 MP: 2/2
  1049 | D:2      | Noticed Jessica
  1073 | D:2      | Killed Jessica
  1074 | D:2      | Reached XP level 4. HP: 23/40 MP: 3/3
  2196 | D:3      | Found a sparkling altar of Nemelex Xobeh.
  2573 | D:3      | Reached XP level 5. HP: 46/46 MP: 4/4
  2759 | D:4      | Reached skill level 5 in Armour
  2783 | D:4      | Noticed a phantom
  2791 | D:4      | Killed a phantom
  2792 | D:4      | Reached skill level 1 in Stealth
  2792 | D:4      | Reached XP level 6. HP: 18/52 MP: 5/5
  3111 | D:4      | Noticed Grinder
  3127 | D:4      | Reached skill level 5 in Long Blades
  3136 | D:4      | Killed Grinder
  3348 | D:4      | Reached XP level 7. HP: 9/60 MP: 6/6
  3360 | D:4      | Killed from afar by an orc priest

Illustrated notes

Levels and vault maps discovered:
D:1:      grunt_arrival_lava_bath, layout_basic,
          hellmonk_ecumenical_altar_arch_garden, minivault_19
D:2:      layout_basic, chequers_arboretum, uniq_jessica
D:3:      layout_rooms, nemelex_xobeh_ov_fountains_minmay, grunt_decor_cap
D:4:      layout_cave_pods, grunt_ministairs_4, uniq_grinder

Skill      XL: |  1  2  3  4  5  6 |
---------------+-------------------+-----
Armour         | 4 5 6 |  6.1
Long Blades    | 3 4 6 |  6.1
Dodging        | 1 2 |  2.5
Shields        | 4 |  4.1
Fighting       | 4 |  4.6
Stealth        | 1 |  1.2

Action                   |  1- 3 |  4- 6 |  7- 9 || total
-------------------------+-------+-------+-------++-------
Melee: Long sword        |    74 |    40 |       ||   114
       Headbutt          |     6 |    12 |     3 ||    21
       Falchion          |       |    85 |    13 ||    98
  Use: Scroll            |     3 |       |       ||     3
       Potion            |       |     3 |       ||     3
Armor: Scale mail        |    37 |    24 |       ||    61
       Chain mail        |       |    12 |     3 ||    15
Dodge: Dodged            |    35 |    49 |     1 ||    85
Block: Buckler           |    16 |    21 |     2 ||    39
